TOP OF THE 1ST |
Houston Astros batting - Pitching for California Angels : RHP Ben Sedlacek
|
Pitching: RHP Ben Sedlacek
|
|
Batting: RHB Matt Thompson
|
0-0: Called Strike 0-1: Foul Ball, location: 2F 0-2: Strikes out swinging
|
Batting: RHB Antonio Aranda
|
0-0: Called Strike 0-1: Ball 1-1: Called Strike 1-2: Strikes out swinging
|
Batting: SHB Addick de Vries
|
0-0: Ball 1-0: SOLO HOME RUN (Line Drive, 8RXD, EV 108.8 MPH), Distance : 421 ft
|
Batting: SHB Joe Gardner
|
0-0: Ball 1-0: Ball 2-0: Foul Ball, location: 2F 2-1: Ball 3-1: Foul Ball, location: 2F 3-2: Base on Balls
|
Batting: LHB Zack Berney
|
0-0: Ball Joe Gardner steals 2nd base 1-0: Ball 2-0: SINGLE (Flyball, 4D, EV 87.5 MPH) Joe Gardner to third Runner from 3rd tries for Home, SAFE, throw by CF to home
|
Batting: LHB Bryce Hill
|
0-0: Ball 1-0: Foul Ball, location: 2F 1-1: SINGLE (Line Drive, 78S, EV 100.0 MPH) Zack Berney to second
|
Batting: LHB Jim Keefe
|
0-0: Swinging Strike 0-1: SINGLE (Line Drive, 6D, EV 100.0 MPH) Zack Berney to third Bryce Hill to second Runner from 3rd tries for Home, SAFE, throw by CF to home
|
Batting: RHB Jeremy Trump
|
0-0: Called Strike 0-1: Called Strike 0-2: Strikes out looking
|
Top of the 1st over - 3 runs, 4 hits, 0 errors, 2 left on base; Houston 3 - California 0 |
BOTTOM OF THE 1ST |
California Angels batting - Pitching for Houston Astros : RHP Kyle McPeak
|
Pitching: RHP Kyle McPeak
|
|
Batting: RHB Nick Dunn
|
0-0: Ball 1-0: Called Strike 1-1: Ball 2-1: Foul Ball, location: 2F 2-2: Strikes out looking
|
Batting: RHB Alain Delhaye
|
0-0: Ball 1-0: Ball 2-0: SOLO HOME RUN (Flyball, 7D, EV 98.8 MPH), Distance : 371 ft
|
Batting: LHB Micah Miller
|
0-0: Ball 1-0: Ball 2-0: Called Strike 2-1: Ball 3-1: Base on Balls
|
Batting: RHB Dietmar Warmisch
|
0-0: Called Strike 0-1: Ball 1-1: Ball Micah Miller is caught stealing 2nd base 2-4 2-1: Fly out, F4 (Line Drive, 4, EV 66.2 MPH)
|
Bottom of the 1st over - 1 run, 1 hit, 0 errors, 0 left on base; Houston 3 - California 1 |
TOP OF THE 2ND |
Houston Astros batting - Pitching for California Angels : RHP Ben Sedlacek
|
Batting: RHB Chang-wei Jiang
|
0-0: Ball 1-0: Swinging Strike 1-1: Ball 2-1: Called Strike 2-2: Strikes out swinging
|
Batting: RHB Matt Thompson
|
0-0: Ball 1-0: Ball 2-0: Ground out U3 (Groundball, 34, EV 104.4 MPH)
|
Batting: RHB Antonio Aranda
|
0-0: Ball 1-0: Called Strike 1-1: Ball 2-1: SINGLE (Line Drive, 7S, EV 96.2 MPH)
|
Batting: SHB Addick de Vries
|
Pickoff Throw to First - Out! 1-3
|
Top of the 2nd over - 0 runs, 1 hit, 0 errors, 0 left on base; Houston 3 - California 1 |
BOTTOM OF THE 2ND |
California Angels batting - Pitching for Houston Astros : RHP Kyle McPeak
|
Batting: RHB Preston Deakyne
|
0-0: Foul Ball, location: 2F 0-1: SINGLE (Groundball, 6D, EV 94.4 MPH)
|
Batting: RHB Jasper Burd
|
0-0: Ball 1-0: Called Strike 1-1: Foul Ball, location: 2F 1-2: Reached on error, E4 (Groundball, 34, EV 87.5 MPH) Preston Deakyne to second
|
Batting: LHB Jack Bell
|
0-0: Fly out, F9 (Flyball, 9, EV 80.6 MPH)
|
Batting: RHB Mike Harkins
|
0-0: Foul Ball, location: 2F 0-1: Ball 1-1: Ball 2-1: Ball 3-1: Fly out, F5 (Popup, 5SF, EV 82.5 MPH)
|
Batting: RHB Danny Odom
|
0-0: Ball 1-0: Called Strike 1-1: Ball 2-1: Foul Ball, location: 2F 2-2: Foul Ball, location: 2F 2-2: Strikes out swinging
|
Bottom of the 2nd over - 0 runs, 1 hit, 1 error, 2 left on base; Houston 3 - California 1 |
TOP OF THE 3RD |
Houston Astros batting - Pitching for California Angels : RHP Ben Sedlacek
|
Batting: SHB Addick de Vries
|
0-0: Ball 1-0: Ball 2-0: Called Strike 2-1: Swinging Strike 2-2: Ball 3-2: Base on Balls
|
Batting: SHB Joe Gardner
|
0-0: Grounds into double play, 4-6-3 (Groundball, 4, EV 85.6 MPH)
|
Batting: LHB Zack Berney
|
0-0: Called Strike 0-1: Ball 1-1: Called Strike 1-2: Strikes out looking
|
Top of the 3rd over - 0 runs, 0 hits, 0 errors, 0 left on base; Houston 3 - California 1 |
BOTTOM OF THE 3RD |
California Angels batting - Pitching for Houston Astros : RHP Kyle McPeak
|
Batting: RHB Nick Dunn
|
0-0: Ball 1-0: SINGLE (Line Drive, 4D, EV 97.5 MPH)
|
Batting: RHB Alain Delhaye
|
0-0: Ball Wild Pitch! Nick Dunn to second 1-0: Ball 2-0: Foul Ball, location: 2F 2-1: Ground out 5-3 (Groundball, 56S, EV 62.5 MPH) Nick Dunn to third
|
Batting: LHB Micah Miller
|
0-0: Ball Balk! Nick Dunn scores 1-0: Fly out, F9 (Line Drive, 9, EV 100.0 MPH)
|
Batting: RHB Dietmar Warmisch
|
0-0: Ball 1-0: Ball 2-0: Swinging Strike 2-1: Foul Ball, location: 2F 2-2: Ball 3-2: Ground out 5-3 (Groundball, 56, EV 79.4 MPH)
|
Bottom of the 3rd over - 1 run, 1 hit, 0 errors, 0 left on base; Houston 3 - California 2 |
TOP OF THE 4TH |
Houston Astros batting - Pitching for California Angels : RHP Ben Sedlacek
|
Batting: LHB Bryce Hill
|
0-0: SINGLE (Line Drive, 5D, EV 95.6 MPH)
|
Batting: LHB Jim Keefe
|
0-0: Ball Wild Pitch! Bryce Hill to second 1-0: Called Strike 1-1: Ground out 6-3 (Groundball, 6, EV 104.4 MPH)
|
Batting: RHB Jeremy Trump
|
0-0: Called Strike 0-1: Swinging Strike 0-2: Ball 1-2: Ground out 4-3 (Groundball, 4, EV 93.8 MPH) Bryce Hill to third
|
Batting: RHB Chang-wei Jiang
|
0-0: Called Strike 0-1: Ball 1-1: Foul Ball, location: 2F 1-2: Strikes out swinging
|
Top of the 4th over - 0 runs, 1 hit, 0 errors, 1 left on base; Houston 3 - California 2 |
BOTTOM OF THE 4TH |
California Angels batting - Pitching for Houston Astros : RHP Kyle McPeak
|
Batting: RHB Preston Deakyne
|
0-0: Ball 1-0: Foul Ball, location: 2F 1-1: Ball 2-1: Ball 3-1: Swinging Strike 3-2: SINGLE (Groundball, 6MD, EV 98.8 MPH)
|
Batting: RHB Jasper Burd
|
0-0: Ball Wild Pitch! Preston Deakyne to second 1-0: Swinging Strike 1-1: Called Strike 1-2: Ball 2-2: Ball 3-2: SINGLE (Groundball, 6MD, EV 95.6 MPH) Preston Deakyne to third
|
Batting: LHB Jack Bell
|
0-0: Ball 1-0: Ball 2-0: Grounds into double play, 4-6-3 (Groundball, 4, EV 95.6 MPH) Preston Deakyne scores
|
Batting: RHB Mike Harkins
|
0-0: Ball 1-0: Called Strike 1-1: Ball 2-1: Ground out 5-3 (Groundball, 15, EV 87.5 MPH)
|
Bottom of the 4th over - 1 run, 2 hits, 0 errors, 0 left on base; Houston 3 - California 3 |
TOP OF THE 5TH |
Houston Astros batting - Pitching for California Angels : RHP Ben Sedlacek
|
Batting: RHB Matt Thompson
|
0-0: Called Strike 0-1: Foul Ball, location: 2F 0-2: Strikes out swinging
|
Batting: RHB Antonio Aranda
|
0-0: Swinging Strike 0-1: Called Strike 0-2: Ball 1-2: Strikes out swinging
|
Batting: SHB Addick de Vries
|
0-0: Called Strike 0-1: Called Strike 0-2: Ball 1-2: Fly out, F9 (Flyball, 9, EV 91.9 MPH)
|
Top of the 5th over - 0 runs, 0 hits, 0 errors, 0 left on base; Houston 3 - California 3 |
BOTTOM OF THE 5TH |
California Angels batting - Pitching for Houston Astros : RHP Kyle McPeak
|
Batting: RHB Danny Odom
|
0-0: Ball 1-0: Ball 2-0: Called Strike 2-1: Ball 3-1: Swinging Strike 3-2: Base on Balls
|
Batting: RHB Nick Dunn
|
0-0: Ball 1-0: Fly out, F4 (Popup, 34D, EV 65.0 MPH)
|
Batting: RHB Alain Delhaye
|
0-0: Called Strike 0-1: Called Strike 0-2: Ball Danny Odom is caught stealing 2nd base 2-4 1-2: Ball 2-2: Fly out, F8 (Flyball, 78D, EV 88.8 MPH)
|
Bottom of the 5th over - 0 runs, 0 hits, 0 errors, 0 left on base; Houston 3 - California 3 |
TOP OF THE 6TH |
Houston Astros batting - Pitching for California Angels : RHP Ben Sedlacek
|
Batting: SHB Joe Gardner
|
0-0: Called Strike 0-1: Ground out 6-3 (Groundball, 6, EV 103.8 MPH)
|
Batting: LHB Zack Berney
|
0-0: Called Strike 0-1: Called Strike 0-2: Fly out, F8 (Flyball, 8RXD, EV 98.1 MPH)
|
Batting: LHB Bryce Hill
|
0-0: Ball 1-0: Ball 2-0: Ball 3-0: Called Strike 3-1: Base on Balls
|
Batting: LHB Jim Keefe
|
0-0: Ball 1-0: Foul Ball, location: 2F 1-1: Ball 2-1: Ball 3-1: Base on Balls Bryce Hill to second
|
Batting: RHB Jeremy Trump
|
0-0: Called Strike 0-1: Ball 1-1: Ball 2-1: SINGLE (Groundball, 34D, EV 96.9 MPH) Bryce Hill to third Jim Keefe to second Runner from 3rd tries for Home, SAFE, throw by RF to home
|
Batting: RHB Chang-wei Jiang
|
0-0: Ball 1-0: Fly out, F4 (Popup, 13S, EV 86.9 MPH)
|
Top of the 6th over - 1 run, 1 hit, 0 errors, 2 left on base; Houston 4 - California 3 |
BOTTOM OF THE 6TH |
California Angels batting - Pitching for Houston Astros : RHP Kyle McPeak
|
Batting: LHB Micah Miller
|
0-0: Ball 1-0: Ball 2-0: Ground out U3 (Groundball, 34S, EV 92.5 MPH)
|
Batting: RHB Dietmar Warmisch
|
0-0: Ground out 6-3 (Groundball, 6, EV 82.5 MPH)
|
Batting: RHB Preston Deakyne
|
0-0: Fly out, F9 (Flyball, 89D, EV 110.0 MPH)
|
Bottom of the 6th over - 0 runs, 0 hits, 0 errors, 0 left on base; Houston 4 - California 3 |
TOP OF THE 7TH |
Houston Astros batting - Pitching for California Angels : RHP Ben Sedlacek
|
Pitching: RHP Mike Tallerico
|
|
Batting: RHB Matt Thompson
|
0-0: Called Strike 0-1: Ball 1-1: Foul Ball, location: 2F 1-2: Reached on error, E4 (Flyball, 4MD, EV 80.6 MPH)
|
Batting: RHB Antonio Aranda
|
0-0: Bunt missed! 0-1: Ball 1-1: Sac Bunt to 13 - play at first, batter OUT! 1-4 Matt Thompson to second
|
Batting: SHB Addick de Vries
|
0-0: Foul Ball, location: 2F 0-1: Called Strike 0-2: Strikes out looking
|
Batting: SHB Joe Gardner
|
0-0: Ball 1-0: SINGLE (Groundball, 4MD, EV 99.4 MPH) Matt Thompson to third Runner from 3rd tries for Home, SAFE, throw by CF to home Joe Gardner to second
|
Batting: LHB Zack Berney
|
0-0: Ground out 4-3 (Groundball, 4M, EV 90.6 MPH)
|
Top of the 7th over - 1 run, 1 hit, 1 error, 1 left on base; Houston 5 - California 3 |
BOTTOM OF THE 7TH |
California Angels batting - Pitching for Houston Astros : RHP Kyle McPeak
|
Batting: RHB Jasper Burd
|
0-0: Called Strike 0-1: Called Strike 0-2: Fly out, F3 (Popup, 3F, EV 74.4 MPH)
|
Batting: LHB Jack Bell
|
0-0: Ball 1-0: Called Strike 1-1: Ball 2-1: Ball 3-1: Base on Balls
|
Batting: RHB Mike Harkins
|
0-0: Foul Ball, location: 2F 0-1: Foul Ball, location: 2F 0-2: Strikes out swinging
|
Batting: RHB Danny Odom
|
0-0: Called Strike 0-1: Ball 1-1: Ball 2-1: Called Strike 2-2: Foul Ball, location: 2F 2-2: Ball 3-2: Fly out, F9 (Flyball, 9LS, EV 96.9 MPH)
|
Bottom of the 7th over - 0 runs, 0 hits, 0 errors, 1 left on base; Houston 5 - California 3 |
TOP OF THE 8TH |
Houston Astros batting - Pitching for California Angels : RHP Mike Tallerico
|
Batting: LHB Bryce Hill
|
0-0: DOUBLE (Line Drive, 8RXD, EV 110.6 MPH)
|
Batting: LHB Jim Keefe
|
0-0: Ball 1-0: Called Strike 1-1: 2-RUN HOME RUN (Flyball, 9D, EV 94.4 MPH), Distance : 355 ft
|
Pitching: RHP Joe Beam
|
|
Batting: RHB Jeremy Trump
|
0-0: Ball 1-0: Foul Ball, location: 2F 1-1: Foul Ball, location: 2F 1-2: Foul Ball, location: 2F 1-2: Strikes out swinging
|
Batting: RHB Chang-wei Jiang
|
0-0: Called Strike 0-1: Fly out, F9 (Flyball, 9LM, EV 93.8 MPH)
|
Batting: RHB Matt Thompson
|
0-0: Swinging Strike 0-1: Ball 1-1: Foul Ball, location: 2F 1-2: Ball 2-2: Strikes out swinging
|
Top of the 8th over - 2 runs, 2 hits, 0 errors, 0 left on base; Houston 7 - California 3 |
BOTTOM OF THE 8TH |
California Angels batting - Pitching for Houston Astros : RHP Kyle McPeak
|
Pitching: RHP Seth Bowersox
|
|
Batting: RHB Nick Dunn
|
0-0: Foul Ball, location: 2F 0-1: SINGLE (Groundball, 56D, EV 104.4 MPH)
|
Batting: RHB Alain Delhaye
|
0-0: Swinging Strike 0-1: Swinging Strike 0-2: Strikes out looking
|
Batting: LHB Micah Miller
|
0-0: Ball 1-0: Ball 2-0: Called Strike 2-1: Ball 3-1: Fly out, F8 (Flyball, 78M, EV 91.2 MPH)
|
Batting: RHB Dietmar Warmisch
|
0-0: Foul Ball, location: 2F 0-1: Ball 1-1: Fly out, F7 (Line Drive, 7, EV 106.2 MPH)
|
Bottom of the 8th over - 0 runs, 1 hit, 0 errors, 1 left on base; Houston 7 - California 3 |
TOP OF THE 9TH |
Houston Astros batting - Pitching for California Angels : RHP Joe Beam
|
Pitching: RHP Danny Nerio
|
|
Batting: RHB Antonio Aranda
|
0-0: Ground out 4-3 (Groundball, 4MD, EV 104.4 MPH)
|
Batting: SHB Addick de Vries
|
0-0: Called Strike 0-1: Swinging Strike 0-2: Strikes out swinging
|
Batting: SHB Joe Gardner
|
0-0: SINGLE (Groundball, 4D, EV 97.5 MPH)
|
Batting: LHB Zack Berney
|
0-0: Ball 1-0: Ball 2-0: Ball 3-0: Foul Ball, location: 2F 3-1: Swinging Strike 3-2: Foul Ball, location: 2F 3-2: Strikes out looking
|
Top of the 9th over - 0 runs, 1 hit, 0 errors, 1 left on base; Houston 7 - California 3 |
BOTTOM OF THE 9TH |
California Angels batting - Pitching for Houston Astros : RHP Seth Bowersox
|
Batting: RHB Preston Deakyne
|
0-0: Ball 1-0: Ball 2-0: Ball 3-0: Foul Ball, location: 2F 3-1: Swinging Strike 3-2: Base on Balls
|
Batting: RHB Jasper Burd
|
0-0: Ball 1-0: Ball 2-0: Ball 3-0: Grounds into double play, 4-6-3 (Groundball, 4, EV 97.5 MPH)
|
Batting: LHB Jack Bell
|
0-0: Ball 1-0: Ball 2-0: Called Strike 2-1: Ball 3-1: Base on Balls
|
Batting: RHB Mike Harkins
|
0-0: Called Strike 0-1: Ball 1-1: Foul Ball, location: 2F 1-2: SINGLE (Flyball, 78S, EV 93.1 MPH) Jack Bell to second
|
Pitching: LHP Mat Pear
|
|
Batting: RHB Danny Odom
|
0-0: Called Strike 0-1: Fielders Choice at 2nd, 6-4 (Groundball, 6, EV 83.8 MPH)
|
Bottom of the 9th over - 0 runs, 1 hit, 0 errors, 2 left on base; Houston 7 - California 3 |
|